 Dungeon Crawl Stone Soup version 0.23-a0-4-g8f018a2 (webtiles) character file.

723 Kuinu the Conjurer (level 7, 0/50 HPs)
             Began as a White Draconian Fire Elementalist on July 31, 2018.
             Slain by a water moccasin (7 damage)
             ... on level 4 of the Dungeon.
             The game lasted 00:15:44 (6042 turns).

Kuinu the Conjurer (DrFE)                           Turns: 6042, Time: 00:15:44

Health: 0/50       AC: 11    Str: 11    XL:     7   Next: 43%
Magic:  0/12       EV: 12    Int: 17    God:
Gold:   274        SH:  0    Dex: 11    Spells: 2/13 levels left

rFire    . . .     SeeInvis +   k - +0 flail
rCold    + . .     Gourm    .   (no shield)
rNeg     . . .     Faith    .   (armour unavailable)
rPois    .         Spirit   .   (helmet restricted)
rElec    .         Reflect  .   p - +0 cloak
rCorr    .         Harm     .   i - +2 pair of gloves
MR       .....                  l - +0 pair of boots
Stlth    ++........             (no amulet)
HPRegen  0.16/turn              x - ring of see invisible
MPRegen  0.13/turn              (no ring)

@: lethally poisoned (0 -> -2), hasted, very quick
A: breathe frost, unfitting armour, cold resistance 1, cold-blooded, AC +6
a: Breathe Frost


You were on level 4 of the Dungeon.
You were not hungry.

You visited 1 branch of the dungeon, and saw 5 of its levels.

You collected 274 gold pieces.

Inventory:

Hand Weapons
 d - a -3 dagger
 j - a +0 club
 k - a +0 flail (weapon)
 q - a +0 spear
 v - a cursed +0 morningstar
Armour
 i - a +2 pair of gloves (worn)
 l - a +0 pair of boots (worn)
 p - a +0 cloak (worn)
Jewellery
 x - a ring of see invisible (left hand)
Wands
 w - a wand of paralysis (13)
Scrolls
 e - a scroll of random uselessness {unknown}
 f - a scroll of remove curse
 s - 2 scrolls of magic mapping {unknown}
 t - 3 scrolls of teleportation
 u - 2 scrolls of identify
Potions
 a - a potion of lignification
 g - a potion of ambrosia {unknown}
 h - 3 potions of flight
 m - 2 potions of might {unknown}
 n - 2 potions of brilliance {unknown}
 o - a potion of heal wounds
 r - a potion of haste
 z - a potion of mutation {unknown}
Comestibles
 b - 7 rations


   Skills:
 - Level 1.7 Dodging
 - Level 1.7 Stealth
 + Level 3.8 Spellcasting
 * Level 5.2 Conjurations
 * Level 5.0 Fire Magic


You had 2 spell levels left.
You knew the following spells:

 Your Spells              Type           Power        Failure   Level  Hunger
a - Flame Tongue          Conj/Fire      ###..        1%          1    None
b - Throw Flame           Conj/Fire      ###...       3%          2    ##.....
c - Conjure Flame         Conj/Fire      ###.....     6%          3    ###....
d - Sandblast             Erth           #.....       16%         1    None
e - Sticky Flame          Conj/Fire      ###.....     21%         4    ####...

Your spell library contained the following spells:

 Spells                   Type           Power        Failure   Level  Hunger
 Fireball                 Conj/Fire      ###.......   50%         5    ######.
 Stone Arrow              Conj/Erth      ##....       17%         3    ###....
 Spider Form              Tmut/Pois      #.........   43%         3    ###....
 Blade Hands              Tmut           #.........   99%         5    ######.
 Ice Form                 Ice/Tmut       #.......     85%         4    ####...
 Passwall                 Tmut/Erth      #.......     24%         2    ##.....
 Sticks to Snakes         Tmut           #.......     24%         2    ##.....
 Lee's Rapid Deconstruct  Erth           #.........   99%         5    ######.
 Petrify                  Tmut/Erth      #.......     85%         4    ####...
 Inner Flame              Hex/Fire       ##......     17%         3    ###....
 Beastly Appendage        Tmut           #.....       16%         1    None


Dungeon Overview and Level Annotations

Branches:
Dungeon (5/15)
 Temple: D:4-7

Altars:
Cheibriados
Elyvilon
Okawaru
Sif Muna

Annotations:
D:4 3 runed doors, Deathmic's ghost, amateur HOFi; poirepourri's ghost, novice OpFi; zkyp's ghost, amateur GrBe


Innate Abilities, Weirdness & Mutations

You can breathe waves of freezing cold.
You can buffet flying creatures when you breathe cold.
Your icy white scales are hard. (AC +6)
You cannot fit into any form of body armour.
Your flesh is cold resistant. (rC+)
You are cold-blooded and may be slowed by cold attacks.


Message History

* * * LOW HITPOINT WARNING * * *
Casting: Sticky Flame (slightly dangerous; 21% risk of failure)
Confirm with . or Enter, or press ? or * to list all spells.
Aiming: Flame Tongue (safe; 1% risk of failure)
Press: ? - help, Shift-Dir - straight line, f - water moccasin
Aim: a water moccasin (heavily wounded)
The flame tongue misses the water moccasin.
The water moccasin bites you but does no damage.
You miss the water moccasin.
The water moccasin is heavily wounded.
You feel sick. The water moccasin barely misses you.
You hit the water moccasin.
The water moccasin is severely wounded.
The water moccasin bites you but does no damage.
The water moccasin bites you.
* * * LOW HITPOINT WARNING * * *
You miss the water moccasin.
The water moccasin is severely wounded.
You feel sick. The water moccasin bites you!
You die...

#[.................#
#....♣._.♣...#######
#.#............# ###
#.##≈..♣..≈###.### #..
####.##≈≈...≈≈# #...##### #..
#....####...### #.......# #..
#.###........# #.......# ####..
#.# #........# ##.......####<##..
#.# #........# #@................
#.# #.##.##### #.S...............
#.###.##.########.......#.#######
......##........#.......#.#######
########........#.......#.....#..
###........#############.#>#
#..........# #.....##....#.#
#........#####.###.##.####.#
#....#.#.#.#.#.#.#.#.#.#[#.#


You could see a water moccasin.

Vanquished Creatures
  A sky beast (D:5)
  2 phantoms (D:4)
  A crimson imp (D:4)
  A bullfrog zombie (D:5)
  A centaur skeleton (D:4)
  4 orc priests
  2 bullfrog skeletons
  A killer bee zombie (D:5)
  4 adders
  An ooze (D:3)
  5 worms
  3 dart slugs
  4 leopard geckos
  6 orcs
  3 ball pythons
  5 bats
  3 giant cockroaches
  7 goblins
  9 hobgoblins
  9 jackals
  8 kobolds
  2 quokkas (D:3)
  13 frilled lizards
  6 rats
101 creatures vanquished.

Vanquished Creatures (others)
  A quokka (D:4)
  2 withered plants (D:4)
3 creatures vanquished.

Grand Total: 104 creatures vanquished

Notes
Turn   | Place    | Note
-------+----------+-------------------------------------------
     0 | D:1      | Kuinu the Draconian Fire Elementalist began the quest for the Orb.
     0 | D:1      | Reached XP level 1. HP: 14/14 MP: 3/3
   297 | D:1      | Reached XP level 2. HP: 20/20 MP: 0/5
   304 | D:1      | Learned a level 2 spell: Throw Flame
   941 | D:1      | Reached XP level 3. HP: 26/26 MP: 0/6
   973 | D:1      | Learned a level 3 spell: Conjure Flame
  1451 | D:2      | Reached XP level 4. HP: 32/33 MP: 2/7
  1494 | D:2      | Found an iron altar of Okawaru.
  3052 | D:3      | Found a deep blue altar of Sif Muna.
  3400 | D:3      | Reached XP level 5. HP: 38/38 MP: 1/9
  3595 | D:3      | Found a snail-covered altar of Cheibriados.
  4361 | D:3      | Learned a level 1 spell: Sandblast
  4407 | D:4      | Noticed a phantom
  4502 | D:4      | Reached XP level 6. HP: 27/45 MP: 3/10
  4819 | D:4      | Reached skill level 5 in Fire Magic
  5115 | D:4      | Found a white marble altar of Elyvilon.
  5132 | D:4      | Learned a level 4 spell: Sticky Flame
  5252 | D:4      | Found a runed gate.
  5252 | D:4      | Found a runed gate.
  5261 | D:4      | Found a runed gate.
  5263 | D:4      | Noticed zkyp's ghost (amateur GrBe)
  5264 | D:4      | Noticed Deathmic's ghost (amateur HOFi)
  5264 | D:4      | Noticed poirepourri's ghost (novice OpFi)
  5366 | D:4      | Your scales start taking on an icy white colour.
  5366 | D:4      | Reached XP level 7. HP: 39/50 MP: 12/12
  5366 | D:4      | Gained mutation: Your flesh is cold resistant. (rC+) [White Draconian growth]
  5579 | D:5      | Entered Level 5 of the Dungeon
  5975 | D:5      | Reached skill level 5 in Conjurations
  6003 | D:5      | Reached skill level 5 in Fire Magic
  6042 | D:4      | Slain by a water moccasin

Vault maps used:
D:1:      dpeg_arrival_round_a, minmay_lizard_king
D:2:      okawaru_altar_gauntlet_db
D:3:      nicolae_overflow_crystal_walls, cheibriados_altar_1
D:4:      elyvilon_altar_4, gammafunk_ghost_cemetery
D:5:      overflow_temple_1_default, first_ration

Skill      XL: |  1  2  3  4  5  6  7 |
---------------+----------------------+-----
Conjurations   | 2 3 4 5 |  5.2
Fire Magic     | 4 4 5 |  5.0
Spellcasting   | 3 |  3.8
Dodging        | |  1.7
Stealth        | |  1.7

Action                   |  1- 3 |  4- 6 |  7- 9 || total
-------------------------+-------+-------+-------++-------
Melee: Unarmed           |     6 |       |       ||     6
       Club              |    17 |       |       ||    17
       Flail             |     1 |    36 |    26 ||    63
       Tailslap          |     1 |    22 |       ||    23
       Dagger            |       |    36 |       ||    36
       Spear             |       |   156 |       ||   156
 Cast: Flame Tongue      |    43 |   126 |    15 ||   184
       Sticky Flame      |       |       |     4 ||     4
  Use: Scroll            |     2 |     3 |       ||     5
       Potion            |       |       |     4 ||     4
  Eat: Chunk             |     2 |    11 |       ||    13
       Ration            |       |     1 |     1 ||     2
Armor: Skin              |    21 |   114 |    22 ||   157
Dodge: Dodged            |    30 |   154 |    35 ||   219

Table legend:
 A = Spawn XP
 B = Non-spawn XP
 C = Spawn XP percentage of total XP
 D = Spawn monster count
 E = Non-spawn monster count
 F = Spawn count percentage of total count
 G = Total turns spent on level
                    A         B        C        D         E        F      G
               +---------+---------+-------+---------+---------+-------+---------
         Total |       0 |    1034 |   0.0 |       0 |     101 |   0.0 |  6042
               +---------+---------+-------+---------+---------+-------+---------
           D:1 |       0 |      49 |   0.0 |       0 |      25 |   0.0 |  1362
           D:2 |       0 |     120 |   0.0 |       0 |      26 |   0.0 |  1470
           D:3 |       0 |      58 |   0.0 |       0 |      19 |   0.0 |  1566
           D:4 |       0 |     507 |   0.0 |       0 |      23 |   0.0 |  1187
           D:5 |       0 |     300 |   0.0 |       0 |       8 |   0.0 |   457
               +---------+---------+-------+---------+---------+-------+---------
